 Dungeon Crawl Stone Soup version 0.22-a0-135-g6f012ad (webtiles) character file.

37 sankara the Insei (level 3, -1/28 HPs)
             Began as a Draconian Transmuter on Jan 31, 2018.
             Slain by a gnoll
             ... wielding a +0 spear
              (10 damage)
             ... on level 1 of the Dungeon.
             The game lasted 00:03:38 (1238 turns).

sankara the Insei (Draconian Transmuter)            Turns: 1238, Time: 00:03:39

Health: -1/28      AC:  5    Str: 12    XL:     3   Next: 23%
Magic:  4/6        EV: 12    Int: 13    God:
Gold:   30         SH:  0    Dex: 12    Spells: 3/6 levels left

rFire    . . .     SeeInvis .     - Unarmed
rCold    + . .     Gourm    .   (no shield)
rNeg     . . .     Faith    .   (armour unavailable)
rPois    .         Spirit   .   (helmet restricted)
rElec    .         Reflect  .   (no cloak)
rCorr    .         Harm     .   (no gloves)
MR       .....                  (no boots)
Stlth    +.........             (no amulet)
HPRegen  0.09/turn              g - ring of protection from cold
MPRegen  0.10/turn              (no ring)

@: appendage
A: unfitting armour, horns 2, cold-blooded, AC +5
a: End Transformation


You were on level 1 of the Dungeon.
You were not hungry.
You had grown temporary horns.
You visited 1 branch of the dungeon, and saw 2 of its levels.

You collected 30 gold pieces.

Inventory:

Missiles
 a - 12 arrows
 f - 3 javelins (quivered)
Jewellery
 g - a ring of protection from cold (left hand)
Scrolls
 d - 2 scrolls of remove curse {unknown}
 i - a scroll of noise {unknown}
 j - a scroll of identify {unknown}
 k - 4 scrolls of amnesia {unknown}
 l - a scroll of fear {unknown}
Potions
 e - a potion of degeneration {unknown}
 h - a potion of lignification {unknown}
Books
 b - a book of Changes

   Spells                             Type                      Level
   a - Beastly Appendage              Transmutation                1
   b - Sticks to Snakes               Transmutation                2
   c - Spider Form                    Transmutation/Poison         3
   d - Ice Form                       Ice/Transmutation            4
   e - Blade Hands                    Transmutation                5
Comestibles
 c - 4 rations
 m - 3 chunks of flesh


   Skills:
 - Level 1.1 Fighting
 - Level 1.7 Dodging
 + Level 3.7 Unarmed Combat
 - Level 2.0 Spellcasting
 + Level 3.0 Transmutations


You had 3 spell levels left.
You knew the following spells:

 Your Spells              Type           Power        Failure   Level  Hunger
a - Beastly Appendage     Tmut           #.....       8%          1    ##.....
b - Sticks to Snakes      Tmut           #.......     11%         2    ###....


Dungeon Overview and Level Annotations

Branches:
Dungeon (2/15)

Altars:

Annotations:
D:2 Jessica


Innate Abilities, Weirdness & Mutations

Your plain brown scales are hard. (AC +5)
You cannot fit into any form of body armour.
You are cold-blooded and may be slowed by cold attacks.
You have a pair of horns on your head.


Message History

The gnoll hits you with a spear. The gnoll closely misses you.
The gnoll hits you.
You hit the gnoll but do no damage.
You tail-slap the gnoll, but do no damage.
The gnoll is moderately wounded.
The gnoll barely misses you. x3
You hit the gnoll. Your headbutt misses the gnoll. You tail-slap the gnoll.
The gnoll is almost dead.
The gnoll hits you with a spear. The gnoll barely misses you.
The gnoll hits you.
You hit the gnoll.
You kill the gnoll!
Your Transmutations skill increases to level 3!
You have reached level 3!
Your experience leads to an increase in your attributes!
Increase (S)trength, (I)ntelligence, or (D)exterity?
You feel agile.
Your scales feel tougher.
The gnoll barely misses you. The gnoll hits you but does no damage.
The gnoll hits you from afar with a spear!
You die...

...#≈≈≈≈........#.........#.#
.⌠.+≈≈≈..⌠....#....##.#.#.#.#
.⌠.+≈≈≈..⌠...###.#.##.....#.#
...#≈≈≈≈.....# #.#.####.#.).#
.###'#≈≈≈....# #.#.# #.#.###
.'...'≈≈≈....###.#.####.#.#
##...'≈≈≈...............#.#
≈#'#+#≈≈≈...######g.#####.#
≈≈≈≈≈≈≈≈≈.......@>g.......#
≈≈≈≈≈≈≈≈≈....######.#######
≈≈≈≈≈≈≈≈≈....# ###
.............# ...........###
##.........# ###########


You could see 2 gnolls.

Vanquished Creatures
  A gnoll (D:1)
  2 dart slugs (D:1)
  2 orcs (D:1)
  A giant cockroach (D:1)
  A goblin (D:1)
  3 hobgoblins (D:1)
  5 jackals (D:1)
  2 frilled lizards (D:1)
  A kobold (D:1)
  3 rats (D:1)
21 creatures vanquished.

Notes
Turn   | Place    | Note
-------+----------+-------------------------------------------
     0 | D:1      | sankara the Draconian Transmuter began the quest for the Orb.
     0 | D:1      | Reached XP level 1. HP: 16/16 MP: 3/3
   194 | D:1      | Reached XP level 2. HP: 18/23 MP: 3/5
   684 | D:1      | Learned a level 2 spell: Sticks to Snakes
  1229 | D:2      | Noticed Jessica
  1237 | D:1      | Reached XP level 3. HP: 9/28 MP: 4/6
  1238 | D:1      | Slain by a gnoll

Vault maps used:
D:1:      dpeg_arrival_castle
D:2:      fiery_altar_vehumet, first_ration, chequers_ecumenical_altar_simple,
          minmay_tripent, uniq_crazy_yiuf_cottage, uniq_terence, uniq_jessica

Skill      XL: |  1  2 |
---------------+-------+-----
Transmutations | 3 |  3.0
Fighting       | |  1.1
Dodging        | |  1.7
Unarmed Combat | |  3.7
Spellcasting   | |  2.0

Action                   || total
-------------------------++-------
Melee: Unarmed           ||    85
       Headbutt          ||     6
       Tailslap          ||     8
       Kick              ||     4
 Cast: Beastly Appendage ||    14
  Eat: Chunk             ||     1
Armor: Skin              ||    18
Dodge: Dodged            ||    70

Table legend:
 A = Spawn XP
 B = Non-spawn XP
 C = Spawn XP percentage of total XP
 D = Spawn monster count
 E = Non-spawn monster count
 F = Spawn count percentage of total count
 G = Total turns spent on level
                    A         B        C        D         E        F      G
               +---------+---------+-------+---------+---------+-------+---------
         Total |       0 |      54 |   0.0 |       0 |      21 |   0.0 |  1238
               +---------+---------+-------+---------+---------+-------+---------
           D:1 |       0 |      54 |   0.0 |       0 |      21 |   0.0 |  1232
               +---------+---------+-------+---------+---------+-------+---------
